 Dungeon Crawl Stone Soup version 0.24.0-1-gfbc8707 (webtiles) character file.

Game seed: 1105906017248418044, levelgen mode: deterministic

275 Buxparty the Skirmisher (level 6, -8/56 HPs)
             Began as a Minotaur Monk on Jan 2, 2020.
             Was an Initiate of Gozag.
             Mangled by an orc warrior
             ... wielding a +0 scimitar
              (25 damage)
             ... on level 3 of the Dungeon.
             The game lasted 00:11:06 (2814 turns).

Buxparty the Skirmisher (Minotaur Monk)             Turns: 2814, Time: 00:11:07

Health: -8/56      AC:  6    Str: 17    XL:     6   Next: 3%
Magic:  5/5        EV:  9    Int:  7    God:    Gozag
Gold:   441        SH:  7    Dex: 13    Spells: 5/5 levels left

rFire    x . .     SeeInvis +   a - +0 hand axe
rCold    + . .     Gourm    .   e - +0 shield
rNeg     . . .     Faith    .   c - +0 scale mail
rPois    .         Spirit   .   (helmet restricted)
rElec    .         Reflect  .   (no cloak)
rCorr    .         Harm     .   (no gloves)
MR       .....                  (no boots)
Stlth    ..........             (no amulet)
HPRegen  0.18/turn              l - ring of see invisible
MPRegen  0.09/turn              q - ring of ice

@: no status effects
A: retaliatory headbutt, horns 2
a: Potion Petition, Call Merchant, Bribe Branch, Renounce Religion


You were on level 3 of the Dungeon.
You worshipped Gozag.
Gozag was aware of your devotion.
You were not hungry.

You visited 1 branch of the dungeon, and saw 4 of its levels.
You also visited: Sewer.

You collected 441 gold pieces.

Inventory:

Hand Weapons
 a - a +0 hand axe (weapon)
Missiles
 h - 3 atropa-tipped darts (quivered)
 i - 10 javelins
 s - 21 poisoned darts
Armour
 c - a +0 scale mail (worn)
 e - a +0 shield (worn)
Jewellery
 g - a cursed ring of attention {unknown}
 l - a ring of see invisible (left hand)
 q - a ring of ice (right hand)
 u - an uncursed ring of flight {unknown}
 w - an uncursed ring of positive energy {unknown}
Scrolls
 d - 3 scrolls of identify {unknown}
 m - a scroll of blinking {unknown}
 p - 2 scrolls of teleportation {unknown}
 t - a scroll of immolation {unknown}
 x - 3 scrolls of fear {unknown}
Potions
 b - 5 potions of curing
 n - 3 potions of flight
 o - a potion of degeneration {unknown}
 r - 2 potions of heal wounds {unknown}
 v - a potion of might {unknown}
Comestibles
 f - 3 rations


   Skills:
 + Level 5.5 Fighting
 + Level 5.5 Axes
 + Level 5.1 Dodging
 - Level 1.5 Stealth


You had 5 spell levels left.
You didn't know any spells.
Your spell library was empty.

Dungeon Overview and Level Annotations

Branches:
Dungeon (4/15)              Sewer (visited)
 Temple: D:4-7

Altars:
Gozag
Hepliaklqana
Xom


Innate Abilities, Weirdness & Mutations

You reflexively headbutt those who attack you in melee.
You have a pair of horns on your head.


Message History

The orc warrior is no longer blind.
The orc warrior hits you with a +0 scimitar.
The orc wizard hits you but does no damage.
You hit the orc warrior but do no damage.
You headbutt the orc warrior, but do no damage.
The orc warrior is moderately wounded.
You hit the orc wizard but do no damage.
The orc wizard hits you but does no damage.
The orc warrior misses you. You furiously retaliate!
You headbutt the orc warrior, but do no damage.
The orc wizard hits you with a +0 dagger.
There is a stone staircase leading up, spattered with blood here.
The orc wizard casts a spell at you. The puff of flame hits you.
The fire burns you terribly!
The orc warrior hits you with a +0 scimitar!
You climb upwards.
There is a stone staircase leading down here.
The orc warrior hits you with a +0 scimitar!!
You die...
Your body crumbles into a pile of gold.

≈≈...# .....# .....#
.....# ##..## ...##
#### #
#####################
#
#.)o@................
#
###o#################
# #..................
# #.#################
# #.# ###### # #.#
#..... # #.# #.####
###############.# #.#
................# #.#


You could see an orc warrior and an orc wizard.

Vanquished Creatures
  A big kobold (Sewer)
  A worker ant (D:2)
  Robin (D:2)
  4 river rats
  4 adders
  4 worms
  A dart slug (D:1)
  A leopard gecko (D:3)
  4 orcs
  5 bats
  5 giant cockroaches
  12 hobgoblins
  3 jackals
  9 kobolds
  7 frilled lizards (D:1)
  12 goblins
  11 rats
85 creatures vanquished.

Notes
Turn   | Place    | Note
-------+----------+-------------------------------------------
     0 | D:1      | Buxparty the Minotaur Monk began the quest for the Orb.
     0 | D:1      | Reached XP level 1. HP: 19/19 MP: 0/0
    62 | D:1      | Reached XP level 2. HP: 15/27 MP: 1/1
   790 | D:2      | Reached XP level 3. HP: 33/33 MP: 2/2
   791 | D:2      | Noticed Robin
   799 | D:2      | Killed Robin
   864 | D:2      | Reached XP level 4. HP: 28/41 MP: 3/3
  1035 | D:2      | Found an opulent altar of Gozag.
  1050 | D:2      | Became a worshipper of Gozag Ym Sagoz the Greedy
  1666 | D:3      | Reached XP level 5. HP: 44/47 MP: 4/4
  1704 | D:3      | Reached skill level 5 in Fighting
  1931 | D:3      | Reached skill level 5 in Axes
  1992 | D:3      | Found a shimmering altar of Xom.
  1993 | D:3      | Found a hazy altar of Hepliaklqana.
  1993 | D:3      | Noticed a yak
  1994 | D:3      | Noticed a yak
  1994 | D:3      | Noticed a spectral ugly thing
  2177 | D:3      | Found a glowing drain.
  2188 | Sewer    | Entered a sewer
  2335 | Sewer    | Reached skill level 5 in Dodging
  2340 | Sewer    | Reached XP level 6. HP: 45/56 MP: 5/5
  2367 | Sewer    | Found a white marble altar of Elyvilon.
  2678 | D:4      | Noticed an orc warrior
  2814 | D:3      | Mangled by an orc warrior

Levels and vault maps discovered:
D:1:      ebering_trefoil_3fold, layout_basic, minmay_misc_feat_rugged,
          minmay_misc_feat_tower, minmay_lizard_pond
D:2:      layout_basic, grunt_gozag_statues, first_ration, uniq_robin
D:3:      layout_basic, regret_index_temple_of_mockery, portal_sewer_entry_e,
          kennysheep_nondescript
D:4:      layout_gridville, ashenzari_conservatory_becter,
          chequers_temple_overflow_statue_of_worship, minmay_temple_entry_trees,
          grunt_ministairs_15, chequers_serial_rivers_micro_d, uniq_natasha

Skill      XL: |  1  2  3  4  5 |
---------------+----------------+-----
Axes           | 4 5 |  5.5
Fighting       | 4 5 |  5.5
Dodging        | 4 5 |  5.1
Stealth        | |  1.5

Action                   |  1- 3 |  4- 6 || total
-------------------------+-------+-------++-------
Melee: Hand axe          |    75 |   133 ||   208
       Headbutt          |    10 |    20 ||    30
Throw: Dart              |       |     4 ||     4
  Use: Potion            |       |     5 ||     5
  Eat: Ration            |     1 |     1 ||     2
Armor: Robe              |     5 |       ||     5
       Scale mail        |    30 |    35 ||    65
Dodge: Dodged            |    35 |    47 ||    82
Block: Shield            |    42 |    42 ||    84
